 Dungeon Crawl Stone Soup version 0.22.1-1-ga44c0e5 (webtiles) character file.

35896 Fang the Severer (level 13, -1/94 HPs)
             Began as a Gargoyle Berserker on Oct 16, 2018.
             Was a High Priest of Trog.
             Slain by a nine-headed hydra (9 damage)
             ... on level 6 of the Lair of Beasts.
             The game lasted 00:21:50 (15870 turns).

Fang the Severer (Gargoyle Berserker)              Turns: 15870, Time: 00:21:51

Health: -1/94      AC: 27    Str: 27    XL:     13   Next: 86%
Magic:  0/13       EV: 14    Int: 12    God:    Trog [*****.]
Gold:   997        SH:  0    Dex: 12    Spells: 12/12 levels left

rFire    + . .     SeeInvis .   w - +3 war axe (elec)
rCold    . . .     Gourm    .   (no shield)
rNeg     + . .     Faith    .   i - +5 ring mail of Valiance {rF+ Regen+ Int+5 Slay-2}
rPois    ∞         Spirit   +   (no helmet)
rElec    +         Reflect  .   D - +1 cloak {+Inv}
rCorr    .         Harm     .   (no gloves)
MR       .....                  (no boots)
Stlth    +.........             t - amulet of guardian spirit
HPRegen  0.65/turn              x - +3 ring of protection
MPRegen  0.13/turn              p - +3 ring of dexterity

@: about to teleport, very slow
A: negative energy resistance 1, robust 1, screaming 1, electricity resistance,
unbreathing, petrification resistance, rot immunity, AC +9
a: Berserk, Trog's Hand, Brothers in Arms, Renounce Religion, Evoke Invisibility


You were on level 6 of the Lair of Beasts.
You worshipped Trog.
Trog was extremely pleased with you.
You were not hungry.

You visited 3 branches of the dungeon, and saw 17 of its levels.

You collected 997 gold pieces.

Inventory:

Hand Weapons
 h - a +1 battleaxe of chopping
 w - a +3 war axe of electrocution (weapon)
 H - a +0 war axe
Armour
 f - a +2 plate armour
 i - the +5 ring mail of Valiance (worn) {rF+ Regen+ Int+5 Slay-2}
   (You found it on level 9 of the Dungeon)

   It affects your intelligence (+5).
   It affects your accuracy and damage with ranged weapons and melee attacks
   (-2).
   It protects you from fire.
   It increases your rate of regeneration.
 D - a +1 cloak of invisibility (worn)
Jewellery
 g - an uncursed ring of protection from cold
 p - a +3 ring of dexterity (right hand)
 t - an amulet of guardian spirit (around neck)
 x - a +3 ring of protection (left hand)
 B - an uncursed ring of resist corrosion
 F - an uncursed ring of fire
 N - an uncursed ring of wizardry {unknown}
Wands
 a - a wand of clouds (4)
 j - a wand of flame (43)
 k - a wand of digging (28)
 o - a wand of polymorph (20)
 G - a wand of scattershot (4)
 I - a wand of paralysis (8)
 L - a wand of random effects (11)
Scrolls
 e - 4 scrolls of magic mapping
 s - 6 scrolls of teleportation
 y - a scroll of fog
 E - 2 scrolls of blinking
 J - 3 scrolls of identify
 M - a scroll of random uselessness {unknown}
 O - a scroll of remove curse
Potions
 d - 4 potions of haste
 l - 3 potions of lignification
 m - 2 potions of invisibility
 n - 4 potions of brilliance
 q - 7 potions of flight
 r - 6 potions of agility
 u - 4 potions of curing
 v - 4 potions of might
 z - 2 potions of resistance
 C - 3 potions of berserk rage
 K - 2 potions of ambrosia
Comestibles
 c - 27 rations


   Skills:
 + Level 12.2 Fighting
 + Level 15.3 Axes
 + Level 10.3 Armour
 + Level 5.9 Dodging
 + Level 2.9 Stealth


You had 12 spell levels left.
You didn't know any spells.
Your spell library was empty.

Dungeon Overview and Level Annotations

Branches:
Dungeon (10/15)            Temple (1/1) D:6            Lair (6/6) D:8
 Shoals (0/4) Lair:3        Snake (0/4) Lair:3        Slime (0/5) Lair:6
    Orc (0/2) D:10

Altars:
Cheibriados
Dithmenos
Elyvilon
Fedhas
Kikubaaqudgha
Nemelex Xobeh
Okawaru
Qazlal
Yredelemnul
Zin
The Shining One

Annotations:
Lair:2 3 runed doors, qqq123's ghost, journeyman MiFi
Lair:4 exclusion: oklob plant
Lair:5 1 runed door, Qawuh's ghost, journeyman TrMo


Innate Abilities, Weirdness & Mutations

You are resistant to torment.
Your stone body is resilient. (AC +9)
You are immune to poison.
You resist negative energy. (rN+)
You are resistant to electric shocks. (rElec)
You can survive without breathing.
You are immune to petrification.
You are immune to rotting.
You are robust. (+10% HP)
You occasionally shout uncontrollably at your foes.


Message History

The electric eel shoots out a bolt of lightning at you!
The bolt of electricity hits the electric eel.
The electric eel completely resists.
The bolt of electricity hits you! The nine-headed hydra misses you. x2
The nine-headed hydra completely misses you.
The nine-headed hydra barely misses you.
The nine-headed hydra bites you.
* * * LOW HITPOINT WARNING * * *
The nine-headed hydra bites you.
* * * LOW HITPOINT WARNING * * *
The nine-headed hydra bites you.
* * * LOW HITPOINT WARNING * * *
The nine-headed hydra bites you but does no damage.
The nine-headed hydra completely misses you.
The electric eel shoots out a bolt of lightning at you!
The bolt of electricity hits you! You resist.
You feel better.
The nine-headed hydra closely misses you.
The nine-headed hydra bites you!
You die...

≈≈≈≈≈≈≈≈≈♣ #P.........
≈≈≈≈≈≈≈≈≈ ..P.........
≈≈≈≈≈≈≈≈≈ PP.......P..
≈P≈≈≈≈≈≈≈ ♣....#....#..
P≈≈≈≈≈♣;♣♣♣...#.....#...
≈♣≈≈≈≈≈≈≈≈♣...###.#..#..
≈≈≈≈≈≈P≈♣≈.....###.#....
♣≈♣≈P♣D;P≈.....###..[#..
≈≈≈≈≈≈≈@♣.....<.#.......
≈♣≈≈≈≈≈≈.P.#..........†.
♣≈≈≈≈≈≈...#.......P#.†#
..≈♣≈♣♣...##.........###
...P♣≈................##
#.......................
........................
....#........P.#......÷.
...#.#####.#.P.........


You could see a nine-headed hydra and 2 electric eels.

Vanquished Creatures
  Rupert (Lair:5)
  Josephine (Lair:5)
  Harold (D:10)
  2 hydras
  A two-headed ogre (D:9)
  A spriggan (Lair:4)
  2 unseen horrors (D:10)
  A necromancer (Lair:4)
  A cyclops (D:10)
  7 black mambas
  2 spiny frogs
  5 komodo dragons
  2 rime drakes
  A queen bee (D:9)
  3 trolls
  A polar bear (Lair:1)
  A hornet (Lair:4)
  15 blink frogs
  4 hippogriffs
  Sigmund (D:3)
  27 yaks
  4 basilisks
  5 wraiths
  2 wyverns
  Menkaure (D:6)
  A hungry ghost (D:10)
  14 water moccasins
  Duvessa (D:6)
  9 porcupines
  2 ice beasts
  10 orc warriors
  2 sky beasts
  2 elephant zombies (Lair:4)
  3 centaurs
  4 ogres
  6 necrophages (Lair:3)
  A phantom (D:7)
  28 wolves
  5 crocodiles
  An elf zombie (D:8)
  3 big kobolds (D:10)
  3 gnoll sergeants (D:10)
  7 bullfrogs
  Dowan (D:6)
  4 scorpions
  18 killer bees
  7 wights (D:8)
  2 electric eels (Lair:4)
  3 howler monkeys (D:8)
  A jelly (D:9)
  A bullfrog zombie (D:6)
  A centaur zombie (D:10)
  3 crimson imps
  A quasit (D:7)
  2 basilisk zombies (Lair:4)
  8 orc priests
  A hound (D:4)
  4 human zombies (D:8)
  Crazy Yiuf (D:5)
  A bullfrog skeleton (D:5)
  A centaur skeleton (D:8)
  10 orc wizards
  A human skeleton (D:8)
  Terence (D:2)
  An iguana (D:5)
  6 worker ants
  A killer bee zombie (D:7)
  An ogre zombie (D:8)
  A hound zombie (D:5)
  3 hound skeletons
  2 mummies (D:8)
  A worker ant zombie (D:9)
  A howler monkey skeleton (D:8)
  7 gnolls
  13 adders
  3 shadow imps
  2 oozes
  2 adder zombies
  3 worms
  3 dart slugs
  4 leopard geckos
  45 orcs
  4 giant cockroaches
  8 goblins
  8 hobgoblins
  2 jackals (D:4)
  6 quokkas
  A ball python (D:3)
  3 bats
  A frilled lizard (D:5)
  A giant cockroach zombie (D:5)
  A jackal skeleton (D:4)
  13 kobolds
  10 rats
  2 fungi
425 creatures vanquished.

Vanquished Creatures (collateral kills)
  3 hydras
  A blink frog (Lair:3)
  A porcupine (Lair:2)
5 creatures vanquished.

Vanquished Creatures (others)
  3 fungi
  8 plants
11 creatures vanquished.

Grand Total: 441 creatures vanquished

Notes
Turn   | Place    | Note
-------+----------+-------------------------------------------
     0 | D:1      | Fang the Gargoyle Berserker began the quest for the Orb.
     0 | D:1      | Reached XP level 1. HP: 14/14 MP: 1/1
   585 | D:1      | Reached XP level 2. HP: 19/19 MP: 2/2
   646 | D:1      | Reached skill level 3 in Axes
   780 | D:1      | HP: 1/28 [leopard gecko (2)]
  1069 | D:1      | Reached XP level 3. HP: 23/23 MP: 3/3
  1391 | D:2      | Noticed Terence
  1402 | D:2      | Killed Terence
  1402 | D:2      | Reached XP level 4. HP: 29/29 MP: 4/4
  2321 | D:3      | Reached skill level 4 in Axes
  2321 | D:3      | Reached XP level 5. HP: 17/33 MP: 5/5
  2322 | D:3      | Reached ** piety under Trog
  2946 | D:3      | Noticed Sigmund
  2975 | D:3      | Killed Sigmund
  2975 | D:3      | Reached skill level 5 in Axes
  2975 | D:3      | Reached XP level 6. HP: 9/39 MP: 6/6
  3678 | D:4      | Reached XP level 7. HP: 17/44 MP: 7/7
  3975 | D:4      | Reached *** piety under Trog
  4169 | D:4      | Found a shadowy altar of Dithmenos.
  4614 | D:5      | Entered Level 5 of the Dungeon
  4767 | D:5      | Reached skill level 6 in Axes
  4857 | D:5      | Found a shadowy altar of Dithmenos.
  4860 | D:5      | Reached skill level 5 in Fighting
  4878 | D:5      | Reached XP level 8. HP: 47/49 MP: 8/8
  4956 | D:5      | Found a runed door.
  5196 | D:5      | Noticed Crazy Yiuf
  5201 | D:5      | Killed Crazy Yiuf
  5312 | D:6      | Found a staircase to the Ecumenical Temple.
  5398 | D:6      | Received a gift from Trog
  5400 | D:6      | Reached skill level 5 in Armour
  5400 | D:6      | Reached skill level 1 in Stealth
  5466 | D:6      | Noticed Duvessa
  5471 | D:6      | Killed Duvessa
  5471 | D:6      | Reached skill level 7 in Axes
  5484 | D:6      | Noticed Dowan
  5493 | D:6      | Killed Dowan
  5658 | Temple   | Entered the Ecumenical Temple
  5672 | D:6      | Found a white marble altar of Elyvilon.
  5672 | D:6      | Found a sparkling altar of Nemelex Xobeh.
  5725 | D:6      | Noticed Menkaure
  5731 | D:6      | Killed Menkaure
  5740 | D:6      | Reached skill level 8 in Axes
  5809 | D:6      | Found a blossoming altar of Fedhas.
  5810 | D:6      | Found an ancient bone altar of Kikubaaqudgha.
  5853 | D:6      | Found a glowing silver altar of Zin.
  6008 | D:7      | Reached XP level 9. HP: 55/55 MP: 9/9
  6021 | D:7      | You fall through a shaft!
  6152 | D:8      | Reached skill level 9 in Axes
  6238 | D:8      | Found a staircase to the Lair.
  6316 | D:8      | Reached **** piety under Trog
  6327 | D:8      | Reached skill level 10 in Axes
  6443 | D:8      | Reached XP level 10. HP: 58/61 MP: 10/10
  6589 | D:8      | Found a basalt altar of Yredelemnul.
  6934 | D:8      | Found an iron altar of Okawaru.
  7164 | D:7      | Reached skill level 11 in Axes
  7218 | D:7      | Found a snail-covered altar of Cheibriados.
  7822 | D:9      | Reached ***** piety under Trog
  7868 | D:9      | Gained mutation: You occasionally shout uncontrollably at
                  | your foes. [potion of mutation]
  7868 | D:9      | Gained mutation: You are robust. (+10% HP) [potion of
                  | mutation]
  7876 | D:9      | Noticed a seven-headed hydra
  7877 | D:9      | Noticed a two-headed ogre
  7893 | D:9      | Killed a two-headed ogre
  7902 | D:9      | Killed a 15-headed hydra
  8302 | D:9      | Reached XP level 11. HP: 63/74 MP: 8/11
  8306 | D:9      | Reached skill level 12 in Axes
  8508 | D:9      | Found a glowing golden altar of the Shining One.
  9151 | D:9      | Found a stormy altar of Qazlal.
  9173 | D:9      | Got a spiked ring mail
  9184 | D:9      | Identified the +5 ring mail of Valiance {rF+ Regen+ Int+5
                  | Slay-2} (You found it on level 9 of the Dungeon)
  9600 | D:10     | Entered Level 10 of the Dungeon
  9794 | D:10     | Killed an unseen horror
 10003 | D:10     | Noticed a cyclops
 10010 | D:10     | Killed a cyclops
 10217 | D:10     | Killed an unseen horror
 10278 | D:10     | Noticed Harold
 10292 | D:10     | Killed Harold
 10449 | D:10     | Found a staircase to the Orcish Mines.
 10473 | D:10     | Reached skill level 13 in Axes
 10726 | Lair:1   | Entered Level 1 of the Lair of Beasts
 10777 | Lair:1   | Reached XP level 12. HP: 42/84 MP: 6/12
 10873 | Lair:1   | Noticed a five-headed hydra
 10881 | Lair:1   | Killed a six-headed hydra
 10966 | Lair:1   | Received a gift from Trog
 11069 | Lair:1   | Reached skill level 10 in Fighting
 11990 | Lair:2   | Noticed a six-headed hydra
 11995 | Lair:2   | Killed a seven-headed hydra
 12112 | Lair:2   | Found a runed gate.
 12113 | Lair:2   | Found a runed gate.
 12113 | Lair:2   | Noticed qqq123's ghost (journeyman MiFi)
 12114 | Lair:2   | Found a runed gate.
 12114 | Lair:2   | Noticed a nine-headed hydra
 12116 | Lair:2   | Noticed a nine-headed hydra
 12612 | Lair:3   | Found a staircase to the Snake Pit.
 12771 | Lair:3   | Reached skill level 14 in Axes
 12801 | Lair:3   | Noticed a seven-headed hydra
 12820 | Lair:3   | Found a staircase to the Shoals.
 12827 | Lair:3   | Killed a nine-headed hydra
 12924 | Lair:3   | Found a sparkling altar of Nemelex Xobeh.
 13338 | Lair:4   | Noticed a spriggan rider
 13359 | Lair:4   | Killed a spriggan rider
 13363 | Lair:4   | Reached XP level 13. HP: 75/92 MP: 6/13
 13366 | Lair:4   | Reached skill level 5 in Dodging
 13563 | Lair:4   | Found a dark tunnel.
 13886 | Lair:4   | Reached skill level 10 in Armour
 14503 | Lair:5   | Noticed Rupert
 14505 | Lair:5   | Paralysed by Rupert for 2 turns
 14509 | Lair:5   | Paralysed by Rupert for 2 turns
 14519 | Lair:5   | Killed Rupert
 14519 | Lair:5   | Reached skill level 15 in Axes
 14885 | Lair:5   | Noticed Josephine
 14901 | Lair:5   | Killed Josephine
 15075 | Lair:5   | Found a runed door.
 15080 | Lair:5   | Noticed Qawuh's ghost (journeyman TrMo)
 15456 | Lair:6   | Entered Level 6 of the Lair of Beasts
 15768 | Lair:6   | Found a staircase to the Slime Pits.
 15869 | Lair:6   | HP: 3/94 [nine-headed hydra (3)]
 15869 | Lair:6   | HP: 1/94 [nine-headed hydra (2)]
 15870 | Lair:6   | Slain by a nine-headed hydra

Skill      XL: |  1  2  3  4  5  6  7  8  9 10 11 12 13 |
---------------+----------------------------------------+-----
Axes           | 3 4 5 6 8 10 11 13 14 15 | 15.3
Dodging        | 2 3 4 5 |  5.9
Fighting       | 4 5 6 8 9 10 12 | 12.2
Armour         | 3 4 5 6 7 9 10 | 10.3
Stealth        | 1 2 |  2.9

Action                   |  1- 3 |  4- 6 |  7- 9 | 10-12 | 13-15 || total
-------------------------+-------+-------+-------+-------+-------++-------
Melee: Hand axe          |    85 |   189 |    60 |       |       ||   334
       War axe           |       |       |   217 |   567 |   255 ||  1039
Invok: Berserk           |     3 |     4 |     1 |     4 |     2 ||    14
       Brothers in Arms  |       |       |       |     5 |       ||     5
  Use: Scroll            |       |       |       |    25 |     5 ||    30
       Potion            |       |       |       |     3 |     2 ||     5
  Eat: Chunk             |     3 |     8 |     7 |    28 |     2 ||    48
       Ration            |       |     1 |     1 |     1 |     2 ||     5
Armor: Animal skin       |    21 |       |       |       |       ||    21
       Plate armour      |    19 |   131 |   206 |   269 |       ||   625
       Ring mail         |       |       |       |   289 |   164 ||   453
Dodge: Dodged            |    68 |    68 |   101 |   367 |   179 ||   783
